AoeStats
← Erickinio

Arena

509381579Analyzed
2v2 RM · 5d ago on Sep 26, 2026· 29m 13s· 4 players
Game mode
Random Map
Map size
Medium (4 player)
Population
200
Speed
Normal
Resources
Standard
Victory
Conquest
Starting age
Dark Age
Ending age
Imperial Age
RankedLock teamsTeams togetherTeam positionsShared explorationLock speedFull tech treeHidden civsTurbo modeCheats
Victory
Defeat
🇪🇸 Byzantines · Spain
1076
+12
🇹🇼 Malians · Taiwan
987
+16
🇩🇪 Mongols · Germany
1011
-15
🇦🇷 Celts · Argentina
954
-13
qvbcheng
12:41 Feudal Age
16:41 Castle Age
15:25 Double-Bit Axe
15:25 Horse Collar
16:02 Gold Mining
16:12 Stone Mining
17:11 Forging
17:40 Scale Mail Armor
26:09 Chain Mail Armor
Elmarques
10:13 Feudal Age
11:23 Loom
12:06 Double-Bit Axe
19:39 Castle Age
17:59 Horse Collar
21:25 Bow Saw
21:46 Stone Mining
23:25 Fletching
27:04 Gold Mining
mxn
5:29 Loom
8:18 Feudal Age
9:15 Double-Bit Axe
20:08 Castle Age
18:24 Fletching
18:45 Horse Collar
26:17 Wheelbarrow
Erickinio
11:10 Feudal Age
11:57 Double-Bit Axe
13:55 Loom
14:27 Arson
15:00 Forging
15:33 Scale Mail Armor
15:43 Man-at-Arms
23:51 Castle Age
23:46 Gold Mining
23:47 Stone Mining
24:35 Wheelbarrow
24:48 Bow Saw
24:27 Gambesons
24:34 Pikeman
Connection lost

Rejoining the realm…

Still unreachable

The connection could not be restored.

Session expired

The server has moved on; the page needs a fresh start.